 Dungeon Crawl Stone Soup version 0.30-a0-1053-gbd8d5ba0ad (webtiles) character file.

Game seed: 7982506183945904755

964 Zeldest the Chopper (level 7, 0/64 HPs)
             Began as an Armataur Fighter on Apr 11, 2023.
             Was an Initiate of the Shining One.
             Slain by a hound (5 damage)
             ... on level 6 of the Dungeon.
             The game lasted 00:05:36 (4450 turns).

Zeldest the Chopper (Armataur Fighter)              Turns: 4450, Time: 00:05:37

Health: 0/64       AC:  7    Str: 23    XL:     7   Next: 93%
Magic:  10/10      EV:  9    Int: 14    God:    the Shining One [......]
Gold:   270        SH:  4    Dex:  7    Spells: 6/6 levels left

rFire   + . .      SeeInvis .    a - +0 war axe
rCold   . . .      Faith    .    c - +0 buckler
rNeg    . . .      Spirit   .    n - +2 robe of Bedazzled Awe {rElec Int+5 Dex-2}
rPois   .          Reflect  .    r - +0 helmet
rElec   +          Roll     +    (no cloak)
rCorr   .                        (no gloves)
Will    .....                    (no barding)
Stlth   +                        (no amulet)
HPRegen 0.30/turn                A - ring of protection from fire
MPRegen 0.12/turn                (no ring)

@: mighty, brilliant, glowing
A: large, rugged brown scales 3, deformed body, armoured tail, roll, long
tongue, awkward tongue
a: Renounce Religion


You were on level 6 of the Dungeon.
You worshipped the Shining One.
The Shining One was noncommittal.
You visited 2 branches of the dungeon, and saw 9 of its levels.

You collected 270 gold pieces.

Inventory:

Hand Weapons
 a - a +0 war axe (weapon)
 s - a +8 dagger of speed
Armour
 c - a +0 buckler (worn)
 n - the +2 robe of Bedazzled Awe (worn) {rElec Int+5 Dex-2}
   (You found it on level 2 of the Dungeon)

   Int:       It affects your intelligence (+5).
   Dex:       It affects your dexterity (-2).
   rElec:     It insulates you from electricity.
 r - a +0 helmet (worn)
Jewellery
 A - a ring of protection from fire (left hand)
Wands
 p - a wand of polymorph (2)
Scrolls
 b - a scroll of fog {unknown}
 e - 2 scrolls of poison {unknown}
 f - a scroll of fear {unknown}
 h - 5 scrolls of identify {unknown}
 j - 2 scrolls of teleportation {unknown}
 k - 2 scrolls of enchant weapon {unknown}
 o - a scroll of magic mapping {unknown}
 u - a scroll of blinking {unknown}
 x - a scroll of enchant armour {unknown}
 y - a scroll of torment {unknown}
 B - a scroll of noise {unknown}
 C - a scroll of immolation {unknown}
 E - 3 scrolls of amnesia {unknown}
Potions
 d - 2 potions of might
 g - a potion of attraction {unknown}
 i - a potion of resistance
 l - a potion of heal wounds {unknown}
 m - a potion of berserk rage {unknown}
 q - a potion of brilliance
 v - a potion of ambrosia {unknown}
 w - a potion of mutation {unknown}
 z - a potion of degeneration {unknown}
 D - a potion of flight {unknown}


   Skills:
 + Level 4.9 Fighting
 * Level 5.5 Axes
 - Level 3.9 Armour
 - Level 3.6 Shields
 + Level 4.1 Invocations


You had 6 spell levels left.
You didn't know any spells.
Your spell library contained the following spells:

 Spells                   Type           Power      Damage    Failure   Level
 Gell's Gravitas          Tloc           0%         N/A       71%         3
 Vhi's Electric Charge    Tloc/Air       0%         N/A       71%         3
 Manifold Assault         Tloc           0%         N/A       98%         4


Dungeon Overview and Level Annotations

Branches:
Dungeon (8/15) Zot: 26720  Temple (1/1) D:6 Zot: 5981
   Lair: D:8-11

Altars:
Ashenzari
Cheibriados
Dithmenos
Fedhas
Hepliaklqana
Kikubaaqudgha
Makhleb
Okawaru
Uskayaw
Vehumet
Wu Jian
Xom
Yredelemnul
The Shining One

Shops:
D:1 [   D:4 (

Annotations:
D:3 1 runed translucent door, Crazy Yiuf
D:4 1 transporter, GigaChad's ghost, amateur FoFi


Innate Abilities, Weirdness & Mutations

You are completely covered in rugged brown scales. (AC +3, +7% HP)
Armour fits poorly on your strangely shaped body.
You have a long armoured tail.
You roll when moving toward enemies. (Rampage)
Your long tongue fully drains potion bottles. (2x potion effects)
Your tongue gives you trouble enunciating. (1.5x scroll delay)


Message History

The orc warrior closely misses you. The orc completely misses you.
The orc warrior hits you with a +0 mace.
* * * LOW HITPOINT WARNING * * *
You feel better.
You slurp down every last drop of the potion of curing!
The orc hits you with a +0 morningstar!
* * * LOW HITPOINT WARNING * * *
The orc warrior hits you with a +0 mace.
* * * LOW HITPOINT WARNING * * *
You hit the orc warrior.
Your tail-slap misses the orc warrior.
The orc warrior is heavily wounded.
You barely miss the orc. The orc barely misses you.
The orc warrior closely misses you.
You slash the orc warrior!
The orc warrior is almost dead.
You barely miss the orc. The orc hits you with a +0 morningstar.
* * * LOW HITPOINT WARNING * * *
The orc warrior hits you with a +0 mace!
* * * LOW HITPOINT WARNING * * *
You closely miss the orc warrior.
The orc warrior is almost dead.
You barely miss the orc. You block the orc's attack.
The orc warrior hits you but does no damage.
You slash the orc warrior!
You kill the orc warrior!
You closely miss the orc. The orc closely misses you.
The hound barely misses you. The orc barely misses you.
You barely miss the hound.
Your tail-slap misses the hound.
You slash the orc!
You kill the orc!
You block the hound's attack. The hound bites you.
* * * LOW HITPOINT WARNING * * *
You hit the hound.
The hound is moderately wounded.
You closely miss the orc. The hound bites you but does no damage.
The orc hits you but does no damage. The hound barely misses you.
You barely miss the hound.
The hound is moderately wounded.
You hit the orc. The hound bites you but does no damage.
The orc hits you but does no damage. The hound bites you.
You die...

..###)##[#
###..#### ####.#
..###.##.#.......
#####...#
.###.......# #.#
#.....###
..#...##.###
##.#####
..#...##.# #..#
..#.####.# ##.##
...
#....######..#
...#
##........#.##
... .#.....@h.#
.. ...#####o.#
.......
#####..... ##...#
.#.. # .


You could see a hound and an orc.

Vanquished Creatures
  An orc warrior (D:6)
  A black bear (D:6)
  A kobold brigand (D:7)
  2 bullfrogs
  2 scorpions
  Jessica (D:3)
  3 iguanas
  2 sleepcaps
  4 orc wizards
  Ijyb (D:3)
  Robin (D:3)
  5 adders
  5 worms
  3 dart slugs
  16 orcs
  6 endoplasms
  2 giant cockroaches
  14 goblins
  8 hobgoblins
  4 jackals (D:5)
  7 kobolds
  2 quokkas
  6 ball pythons
  4 bats
  2 frilled lizards (D:2)
  4 rats
107 creatures vanquished.

Vanquished Creatures (others)
  7 plants (D:2)
7 creatures vanquished.

Grand Total: 114 creatures vanquished

Notes
Turn   | Place    | Note
-------+----------+-------------------------------------------
     0 | D:1      | Zeldest the Armataur Fighter began the quest for the Orb.
     0 | D:1      | Reached XP level 1. HP: 19/19 MP: 1/1
    52 | D:1      | Found Unuino's Armour Boutique.
   214 | D:1      | Reached XP level 2. HP: 18/26 MP: 2/2
   566 | D:2      | Reached skill level 2 in Axes
   639 | D:2      | Reached XP level 3. HP: 19/32 MP: 3/3
   879 | D:2      | Reached skill level 1 in Invocations
  1168 | D:2      | Identified the +2 robe of Bedazzled Awe {rElec Int+5 Dex-2}
  1388 | D:2      | Reached XP level 4. HP: 40/40 MP: 4/4
  1686 | D:3      | Found a runed translucent door.
  1687 | D:3      | Noticed Crazy Yiuf
  1758 | D:3      | Noticed a scorpion
  1763 | D:3      | Killed a scorpion
  1764 | D:3      | Reached skill level 3 in Axes
  1808 | D:3      | Reached XP level 5. HP: 43/48 MP: 6/6
  1849 | D:3      | Noticed Robin
  1850 | D:3      | Noticed Ijyb
  1862 | D:3      | Killed Ijyb
  1879 | D:3      | Killed Robin
  2375 | D:3      | Noticed Jessica
  2379 | D:3      | Killed Jessica
  2789 | D:4      | Found a transporter.
  2792 | D:4      | Noticed GigaChad's ghost (amateur FoFi)
  2845 | D:4      | Reached XP level 6. HP: 46/55 MP: 7/7
  3053 | D:4      | Found Huvy's Weapon Emporium.
  3162 | D:4      | Found a basalt altar of Yredelemnul.
  3344 | D:4      | Found a hide-covered altar of Uskayaw.
  3464 | D:4      | Reached skill level 4 in Axes
  3646 | D:5      | Entered Level 5 of the Dungeon
  3697 | D:5      | Got the Spellbook of Peregrination
  3900 | D:5      | Noticed a water moccasin
  3908 | D:5      | a water moccasin changed into a bullfrog
  3912 | D:5      | Reached XP level 7. HP: 44/63 MP: 9/9
  4003 | D:5      | You fall into a shaft and drop 3 floors!
  4321 | D:6      | Found a staircase to the Ecumenical Temple.
  4330 | Temple   | Entered the Ecumenical Temple
  4339 | Temple   | Became a worshipper of the Shining One
  4404 | D:6      | Reached skill level 5 in Axes
  4450 | D:6      | Slain by a hound

Illustrated notes

Levels and vault maps discovered:
D:1:      dpeg_arrival_castle, layout_rooms, serial_shops, shop,
          dk_noncrumbling_3
D:2:      layout_basic, chequers_big_river
D:3:      layout_loops_corners, uniq_crazy_yiuf_cottage, uniq_robin, uniq_ijyb,
          uniq_jessica
D:4:      layout_loops_ring, kennysheep_mini_moat, nicolae_uskayaw_dance_hall,
          serial_shops, nicolae_inconvenience_store, gammafunk_ghost_mausoleum
D:5:      dreamdust_elfheim, layout_loops_cross, minmay_misc_feat_five
D:6:      layout_rooms, nemelex_diamond_rough_becter, lemuel_doored_altar,
          minmay_temple_entry_statues_fountains
D:7:      layout_layer_cave, lemuel_blue_sif_altar,
          nicolae_ru_the_path_less_chosen, centaur_isle, uniq_joseph
D:8:      layout_rooms, grunt_qazlal_clouds
Temple:   nicolae_temple_no_exploring_needed

Skill      XL: |  1  2  3  4  5  6  7 |
---------------+----------------------+-----
Axes           | 2 3 4 5 |  5.5
Fighting       | 3 4 |  4.9
Invocations    | 1 2 3 4 |  4.1
Armour         | |  3.9
Shields        | |  3.6

Action                     |  1- 3 |  4- 6 |  7- 9 || total
---------------------------+-------+-------+-------++-------
  Melee: War axe           |   115 |   176 |    44 ||   335
         Tailslap          |     5 |    22 |     5 ||    32
         Dagger            |       |     6 |       ||     6
  Evoke: Wand              |       |     5 |       ||     5
    Use: Potion            |       |       |     4 ||     4
 Armour: Scale mail        |    59 |       |       ||    59
         Robe              |     1 |   102 |    24 ||   127
  Dodge: Dodged            |    53 |    75 |    28 ||   156
  Block: Buckler           |    30 |    39 |     7 ||    76

Table legend: (Time is in decaauts)
 A = Elapsed time spent in this place.
 B = Non-inter-level travel time spent in this place.
 C = Inter-level travel time spent in this place.
 D = Time resting spent in this place.
 E = Time spent auto-exploring this place.
 F = Levels seen in this place.
 G = Mean time per level.
                   A        B        C        D        E       F      G
               +--------+--------+--------+--------+--------+-----+--------+
         Total |   4571 |   4307 |    264 |    702 |   2690 |   9 |  507.9 |
       Dungeon |   4553 |   4297 |    256 |    702 |   2690 |   8 |  569.1 |
        Temple |     18 |     10 |      8 |      0 |      0 |   1 |   18.0 |
               +--------+--------+--------+--------+--------+-----+--------+

Top non-repeatable levels by time:
     D:3: 1157 daAuts
     D:2: 1093 daAuts
     D:4: 924 daAuts
     D:1: 562 daAuts
     D:5: 370 daAuts
     D:6: 277 daAuts
     D:7: 160 daAuts
  Temple: 18 daAuts
     D:8: 5 daAuts
